 Dungeon Crawl Stone Soup version 0.20.0-10-g0535bb4 (webtiles) character file.

56 maniacrov the Poker (level 3, -3/28 HPs)
             Began as a Merfolk Gladiator on June 4, 2017.
             Was an Initiate of Fedhas.
             Killed from afar by an orc wizard (7 damage)
             ... with a magic dart
             ... on level 3 of the Dungeon.
             The game lasted 00:07:33 (1446 turns).

maniacrov the Poker (Merfolk Gladiator)             Turns: 1446, Time: 00:07:33

Health: -3/28      AC:  4    Str: 14    XL:     3   Next: 97%
Magic:  3/3        EV: 13    Int: 10    God:    Fedhas [......]
Gold:   88         SH:  3    Dex: 16    Spells: 2/2 levels left

rFire    . . .     SeeInvis .   a - +0 trident
rCold    . . .     Gourm    .   f - +0 buckler
rNeg     . . .     Faith    .   b - +0 leather armour
rPois    .         Spirit   .   l - +1 hat {Int+3}
rElec    .         Reflect  .   (no cloak)
rCorr    .         Harm     .   (no gloves)
MR       .....                  (no boots)
Stlth    +.........             (no amulet)
Regen    0.1/turn               (no ring)
MPRegen  0.1/turn               (no ring)

@: no status effects
A: change form in water, swift swim, stealthy swim
a: Fungal Bloom, Renounce Religion


You were on level 3 of the Dungeon.
You worshipped Fedhas.
Fedhas was noncommittal.
You were not hungry.

You visited 1 branch of the dungeon, and saw 3 of its levels.

You collected 88 gold pieces.

Inventory:

Hand Weapons
 a - a +0 trident (weapon)
Missiles
 d - 3 throwing nets
 n - 4 stones (quivered)
Armour
 b - a +0 leather armour (worn)
 c - a +0 helmet
 f - a +0 buckler (worn)
 l - a +1 hat of intelligence (worn)
Scrolls
 i - a scroll of blinking {unknown}
 j - a scroll of recharging {unknown}
 k - 2 scrolls of remove curse
 o - a scroll of teleportation {unknown}
 p - a scroll of amnesia {unknown}
Potions
 e - a potion of curing {unknown}
 m - a potion of agility {unknown}
Comestibles
 g - 2 meat rations
 h - a fruit


   Skills:
 + Level 2.7 Fighting
 + Level 5.5 Polearms
 + Level 2.3 Throwing
 + Level 0.1 Armour
 + Level 4.5 Dodging
 + Level 0.2 Stealth


You had 2 spell levels left.
You didn't know any spells.

Dungeon Overview and Level Annotations

Branches:
Dungeon (3/15)

Altars:
Fedhas
Yredelemnul


Message History

The orc wizard blinks!
You hear some strange, mumbled words.
Something tries to affect you, but you resist.
You barely miss something. The orc wizard closely misses you.
Something hits you.
You closely miss the orc wizard.
The orc wizard hits you but does no damage.
The orc wizard misses you. Something hits you but does no damage.
You barely miss the orc wizard. The orc wizard hits you with a dagger.
Something hits you.
You closely miss the orc wizard. The orc wizard barely misses you.
The orc wizard hits you but does no damage.
Something hits you.
* * * LOW HITPOINT WARNING * * *
You barely miss something. The orc wizard barely misses you.
Something hits you but does no damage. The orc wizard casts a spell at you.
The magic dart hits you!
You die...
Fedhas appreciates your contribution to the ecosystem.

#.# # ... #. #.#
..s #.# #
#...###.## .#
......... #.#
........######.#
#........s{@o)#
.....#########.#
#.. ... . ...#
#.## .# .# ##


You could see an orc wizard and a giant cockroach.

Vanquished Creatures
  2 worms (D:2)
  A dart slug (D:2)
  3 leopard geckos
  2 orcs (D:3)
  2 giant cockroaches (D:2)
  9 goblins
  5 hobgoblins
  A quokka (D:2)
  4 bats
  4 frilled lizards
  3 kobolds
  7 rats
43 creatures vanquished.

Vanquished Creatures (others)
  6 toadstools (D:2)
6 creatures vanquished.

Grand Total: 49 creatures vanquished

Notes
Turn   | Place    | Note
-------+----------+-------------------------------------------
     0 | D:1      | maniacrov the Merfolk Gladiator began the quest for the Orb.
     0 | D:1      | Reached XP level 1. HP: 16/16 MP: 1/1
    74 | D:1      | Reached XP level 2. HP: 18/22 MP: 2/2
   669 | D:2      | Found a blossoming altar of Fedhas.
   677 | D:2      | Became a worshipper of Fedhas Madash
   701 | D:2      | Found a basalt altar of Yredelemnul.
   715 | D:2      | Reached skill level 5 in Polearms
   739 | D:2      | Reached XP level 3. HP: 28/28 MP: 3/3
  1446 | D:3      | Killed from afar by an orc wizard

Skill      XL: |  1  2 |
---------------+-------+-----
Polearms       | 5 |  5.5
Fighting       | |  2.7
Throwing       | |  2.3
Armour         | |  0.1
Dodging        | |  4.5
Stealth        | |  0.2

Action                   || total
-------------------------++-------
Melee: Trident           ||   174
Invok: Fungal Bloom      ||     5
  Use: Scroll            ||     3
 Stab: Sleeping          ||     2
  Eat: Bread ration      ||     1
Armor: Leather armour    ||    35
Dodge: Dodged            ||    80
Block: Buckler           ||     4
